 Dungeon Crawl Stone Soup version 0.28-a0-128-gcbb86046cc (webtiles) character file.

Game seed: 1662904545984155448

75411 Argons the Brawler (level 15, -2/149 HPs)
             Began as a Troll Venom Mage on Aug 14, 2021.
             Was the Champion of Qazlal.
             Headbutted by a minotaur simulacrum (14 damage)
             ... on level 15 of the Dungeon on Aug 15, 2021.
             The game lasted 02:09:55 (20159 turns).

Argons the Brawler (Troll Venom Mage)              Turns: 20159, Time: 02:09:55

Health: -2/149     AC: 12    Str: 31    XL:     15   Next: 9%
Magic:  0/26       EV:  9    Int: 11    God:    Qazlal [******]
Gold:   1687       SH:  8    Dex: 10    Spells: 15/16 levels left

rFire   + + .      SeeInvis .     - Unarmed
rCold   + + .      Faith    .   (no shield)
rNeg    . . .      Spirit   +   V - +4 moon troll leather armour {Spirit, Regen++ MP+5}
rPois   .          Reflect  .   (helmet restricted)
rElec   .          Harm     .   w - scarf {rC+ rF+}
rCorr   .          Rampage  .   (gloves unavailable)
Will    +....                   (boots unavailable)
Stlth   +.........              R - amulet of regeneration
HPRegen 4.34/turn               j - ring of protection from fire
MPRegen 0.20/turn               k - +6 ring of strength

@: protected from cold, repel missiles
A: large, unfitting armour, claws 3, regeneration 1, shaggy fur 1, tough skin 1
a: Renounce Religion, Upheaval, Elemental Force, Disaster Area


You were on level 15 of the Dungeon.
You worshipped Qazlal.
Qazlal was exalted by your worship.
You visited 3 branches of the dungeon, and saw 22 of its levels.

You collected 2352 gold pieces.
You spent 665 gold pieces at shops.

Inventory:

Missiles
 e - 28 boomerangs
 n - 88 poisoned darts
 x - 10 large rocks (quivered)
 F - 4 atropa-tipped darts
 G - 9 curare-tipped darts
 N - 4 silver javelins
Armour
 w - a scarf of resistance (worn)
 B - +0 swamp dragon scales
 U - a +0 cloak
 V - the +4 moon troll leather armour (worn) {Spirit, Regen++ MP+5}
   (You found it on level 6 of the Lair of Beasts)

   MP:        It affects your magic capacity (+5).
   Regen:     It increases your rate of health regeneration.
Jewellery
 h - a ring of willpower
 j - a ring of protection from fire (left claw)
 k - a +6 ring of strength (right claw)
 y - a +4 ring of protection
 E - a ring of positive energy
 K - a ring of protection from fire
 M - a ring of poison resistance
 R - an amulet of regeneration (around neck)
 X - a ring of positive energy
 Z - a ring of flight
Wands
 b - a wand of charming (20)
 m - a wand of iceblast (13)
 s - a wand of acid (13)
 t - a wand of paralysis (6)
 u - a wand of polymorph (17)
 z - a wand of mindburst (12)
 A - a wand of digging (6)
 C - a wand of flame (59)
Scrolls
 a - 5 scrolls of identify
 p - 10 scrolls of teleportation
 q - a scroll of fear
 r - 2 scrolls of blinking
 v - 3 scrolls of magic mapping
 J - 2 scrolls of enchant armour
 S - 2 scrolls of summoning
 T - 3 scrolls of fog
Potions
 c - 3 potions of flight
 d - 8 potions of curing
 f - 3 potions of cancellation
 g - 6 potions of attraction
 i - a potion of haste
 l - 4 potions of magic
 o - 2 potions of lignification
 D - 2 potions of mutation
 H - a potion of invisibility
 I - 3 potions of berserk rage
 L - 2 potions of heal wounds
 Q - 2 potions of brilliance
 W - a potion of might
 Y - 2 potions of resistance
Miscellaneous
 O - a condenser vane
 P - a piece from Xom's chessboard (15/15)


   Skills:
 - Level 10.2 Fighting
 - Level 10.0 Throwing
 - Level 11.0 Armour
 - Level 1.5 Dodging
 - Level 1.0 Stealth
 + Level 15.6 Unarmed Combat
 - Level 1.2 Spellcasting
 - Level 0.6 Transmutations
 - Level 2.1 Poison Magic
 + Level 10.5 Invocations


You had 15 spell levels left.
You knew the following spells:

 Your Spells              Type           Power      Damage    Failure   Level
a - Sting                 Tmut/Pois      12%        1d3       19%         1

Your spell library contained the following spells:

 Spells                   Type           Power      Damage    Failure   Level
 Poisonous Vapours        Pois/Air       6%         N/A       32%         2
 Animate Skeleton         Necr           0%         N/A       34%         1
 Apportation              Tloc           0%         N/A       34%         1
 Corona                   Hex            0%         N/A       34%         1
 Pain                     Necr           0%         1d4       34%         1
 Summon Small Mammal      Summ           0%         N/A       34%         1
 Corpse Rot               Necr/Air       N/A        N/A       45%         2
 Ignite Poison            Fire/Tmut/Pois 2%         N/A       56%         3
 Mephitic Cloud           Conj/Pois/Air  2%         N/A       58%         3
 Conjure Flame            Conj/Fire      0%         6-21      71%         3
 Ozocubu's Armour         Ice            0%         N/A       71%         3
 Portal Projectile        Hex/Tloc       0%         N/A       71%         3
 Vampiric Draining        Necr           0%         2d6       71%         3
 Olgreb's Toxic Radiance  Pois           5%         N/A       80%         4
 Animate Armour           Summ/Erth      0%         N/A       98%         4
 Sticky Flame             Conj/Fire      0%         2d3       98%         4
 Summon Ice Beast         Ice/Summ       0%         N/A       98%         4
 Summon Lightning Spire   Summ/Air       0%         N/A       98%         4
 Agony                    Necr           0%         N/A       100%        5
 Blade Hands              Tmut           1%         N/A       100%        5
 Excruciating Wounds      Necr           0%         N/A       100%        5
 Fireball                 Conj/Fire      0%         3d3       100%        5
 Freezing Cloud           Conj/Ice/Air   0%         6-21      100%        5
 Iskenderun's Battlesphe  Conj           0%         2d6       100%        5
 Metabolic Englaciation   Hex/Ice        0%         N/A       100%        5
 Summon Forest            Summ/Tloc      0%         N/A       100%        5
 Summon Mana Viper        Hex/Summ       0%         N/A       100%        5
 Conjure Ball Lightning   Conj/Air       0%         3x3d6     100%        6
 Eringya's Noxious Bog    Tmut/Pois      1%         N/A       100%        6
 Shadow Creatures         Summ           N/A        N/A       100%        6
 Simulacrum               Ice/Necr       0%         N/A       100%        6
 Haunt                    Necr/Summ      0%         N/A       100%        7
 Orb of Destruction       Conj           0%         N/A       100%        7
 Storm Form               Tmut/Air       0%         N/A       100%        7
 Summon Hydra             Summ           0%         N/A       100%        7
 Maxwell's Capacitive Co  Air            0%         ∞         100%        8


Dungeon Overview and Level Annotations

Branches:
Dungeon (15/15)            Temple (1/1) D:7            Lair (6/6) D:9
  Swamp (0/4) Lair:4       Spider (0/4) Lair:2        Slime (0/5) Lair:5
    Orc (0/2) D:11         Vaults (0/5) D:13         Depths (0/5) D:15

Altars:
Ashenzari
Cheibriados
Dithmenos
Elyvilon
Fedhas
Gozag
Hepliaklqana
Kikubaaqudgha
Makhleb
Nemelex Xobeh
Okawaru
Qazlal
Ru
Sif Muna
Trog
Uskayaw
Vehumet
Wu Jian
Xom
Yredelemnul
Zin
The Shining One
Jiyva

Shops:
D:3 *=(=   D:4 :   D:6 (   D:8 [   D:9 ?

Portals:
Ice
Cave: D:15

Annotations:
D:13 2 runed translucent doors
Lair:1 1 runed translucent door, Magezon's ghost, journeyman OpHu
Lair:4 3 runed translucent doors, Quyjis's ghost, journeyman DDGl


Innate Abilities, Weirdness & Mutations

You are too large for most types of armour.
You have claws for hands.
Your natural rate of healing is unusually fast.
You are covered in fur. (AC +1)
You have tough skin. (AC +1)


Message History

The deep troll simulacrum is unaffected.
The spriggan defender simulacrum is unaffected.
The minotaur simulacrum is unaffected.
The deep elf pyromancer looks frightened!
The deep elf pyromancer gestures wildly while chanting.
The deep elf pyromancer blinks!
You block the spriggan defender simulacrum's attack.
The deep troll simulacrum barely misses you.
The deep troll simulacrum claws you.
* * * LOW HITPOINT WARNING * * *
The deep troll simulacrum freezes you! You resist.
* * * LOW HITPOINT WARNING * * *
The deep troll simulacrum claws you.
* * * LOW HITPOINT WARNING * * *
The deep troll simulacrum freezes you! You resist.
* * * LOW HITPOINT WARNING * * *
You closely miss the spriggan defender simulacrum.
Your claw misses the spriggan defender simulacrum.
The spriggan defender simulacrum is heavily damaged.
The spriggan defender simulacrum is struck by lightning.
The spriggan defender simulacrum hits you.
* * * LOW HITPOINT WARNING * * *
The spriggan defender simulacrum freezes you!
You resist.
You feel more protected from cold.
* * * LOW HITPOINT WARNING * * *
The deep elf pyromancer casts a spell.
The deep elf pyromancer blinks!
You mangle the spriggan defender simulacrum!!
The spriggan defender simulacrum vaporises!
Qazlal accepts your kill.
The deep troll simulacrum bites you but does no damage.
The deep troll simulacrum closely misses you.
The deep troll simulacrum claws you but does no damage.
The deep elf pyromancer casts a spell.
The deep elf pyromancer blinks!
You barely miss the minotaur simulacrum.
The minotaur simulacrum furiously retaliates!
The minotaur simulacrum headbutts you!
You die...

.,,,,,,,#....####.....#....)...#
.,,,,,,##.............#........#
.,,,,,,#..............#........#
.,,,,,,#..............###......#
,,,,,**#.......§........#......#
,,,,,+,.........C.......#......#
,,,,,*,.......§.........#......#
,,,,,**...∩...§§ZZ°...###.....##
*+**,,+.........@.....#.<.....#
,,,*,,*......#######..#.......#
,,,+,,*.....#,,,,,,*..#......[#
,,,*,,*,....*,,,,,,*,.#.......#
,,,*,,**,..,*,,,,,,*,,#.......#
,,,*,,,*,,,,*,,,,,,*,,#.......#
,,,*,,,*,,,,*,,,,,,*,,#####...#
,,,+,,,*,,,,*,,,,,,*,,,,,,*...#*
,,,*,,,*,,,,*,,,,,,*,,,,,,*...<#


You could see an ettin (fleeing), a minotaur simulacrum and a deep troll
simulacrum.

Vanquished Creatures
  Rupert (D:12)
  Jorgrun (D:12)
  Azrael (D:13)
  A dire elephant (Lair:5)
  6 hydras
  A boulder beetle (Lair:2)
  A catoblepas (D:13)
  2 dancing weapons
  3 two-headed ogres
  5 death yaks (Lair:6)
  A skeletal warrior (D:9)
  Pikel (D:8)
  6 ugly things (D:15)
  A necromancer (D:9)
  A manticore (D:12)
  A deep elf pyromancer (D:13)
  An oklob plant (Lair:4)
  A cyclops (D:12)
  9 elephants
  6 black mambas
  3 gargoyles
  10 cane toads
  3 centaur zombies
  An unseen horror (D:11)
  A torpor snail (Lair:6)
  Maggie (D:7)
  8 komodo dragons
  A yaktaur (D:13)
  2 rime drakes
  A queen bee (shapeshifter) (D:13)
  A tengu conjurer (D:15)
  A jumping spider (shapeshifter) (D:15)
  5 trolls
  6 polar bears (Lair:6)
  25 blink frogs
  7 dream sheep
  4 hornets (Lair:6)
  2 slime creatures (D:13)
  4 flying skulls (D:9)
  12 spriggans (Lair:6)
  2 water elementals (D:12)
  3 wyverns
  The ghost of sobakacece the Covert, an amateur SpEn (D:4)
  Eustachio (D:5)
  2 shadows
  A spriggan simulacrum (D:15)
  9 wraiths
  3 fire elementals (D:13)
  47 yaks
  5 basilisks
  2 steam dragons
  The ghost of emme the Chopper, an amateur DsGl (D:6)
  3 vampire mosquitoes (D:8)
  2 minotaur simulacra (D:15)
  A harpy simulacrum (D:15)
  Edmund (D:4)
  2 wargs (D:11)
  2 acid dragons
  18 water moccasins
  2 hell hounds (D:13)
  A hornet zombie (D:9)
  11 orc warriors
  4 black bears
  An ice beast (D:7)
  4 boggarts (Lair:6)
  57 wolves
  6 ogres
  7 centaurs
  A phantom (D:3)
  3 kobold brigands
  11 bullfrogs
  6 scorpions
  A wyvern zombie (D:7)
  A deep troll simulacrum (D:15)
  A water moccasin skeleton (D:5)
  A lindwurm simulacrum (D:15)
  12 wights
  19 killer bees
  5 electric eels
  5 howler monkeys
  2 bullfrog zombies (D:5)
  5 hounds
  9 jellies
  A bullfrog skeleton (D:5)
  8 centaur skeletons
  5 orc priests
  A gnoll shaman (D:7)
  Natasha (thrice) (D:4)
  2 iguanas
  13 orc wizards
  A killer bee zombie (D:9)
  2 hound zombies (D:5)
  8 howler monkey zombies
  5 adders
  13 gnolls
  A howler monkey skeleton (D:9)
  A shadow imp (D:6)
  3 adder skeletons (D:4)
  2 worms (D:4)
  A dart slug (D:2)
  38 orcs
  7 bats
  22 endoplasms
  4 giant cockroaches
  9 goblins
  8 hobgoblins
  15 jackals
  19 kobolds
  A quokka (D:1)
  4 ball pythons
  3 frilled lizards
  2 rats
631 creatures vanquished.

Vanquished Creatures (others)
  An iguana (Lair:4)
  40 fungi
  44 plants
85 creatures vanquished.

Grand Total: 716 creatures vanquished

Notes
Turn   | Place    | Note
-------+----------+-------------------------------------------
     0 | D:1      | Argons the Troll Venom Mage began the quest for the Orb.
     0 | D:1      | Reached XP level 1. HP: 16/16 MP: 1/1
    29 | D:1      | Found a faded altar of an unknown god.
    40 | D:1      | Reached skill level 1 in Unarmed Combat
    98 | D:1      | Reached XP level 2. HP: 24/24 MP: 2/2
   130 | D:1      | Reached skill level 2 in Unarmed Combat
   476 | D:1      | Reached XP level 3. HP: 31/31 MP: 3/3
   736 | D:2      | Reached skill level 3 in Unarmed Combat
  1009 | D:2      | Found a shimmering altar of Xom.
  1285 | D:3      | Reached XP level 4. HP: 39/39 MP: 4/4
  1319 | D:3      | Found Fofoma's Antique Weapon Shop.
  1346 | D:3      | Found Nusow's Jewellery Emporium.
  1359 | D:3      | Reached skill level 4 in Unarmed Combat
  1524 | D:3      | Found Uwkee's Assorted Antiques.
  1602 | D:3      | Found a hazy altar of Hepliaklqana.
  1721 | D:3      | Reached XP level 5. HP: 26/45 MP: 5/5
  1777 | D:3      | Found Onlan's Jewellery Boutique.
  1793 | D:3      | Reached skill level 5 in Unarmed Combat
  2114 | D:4      | Noticed a phantom
  2183 | D:3      | Killed a phantom
  2312 | D:4      | Reached skill level 1 in Throwing
  2312 | D:4      | Reached XP level 6. HP: 57/57 MP: 6/6
  2330 | D:4      | Found Qaanysm's Book Shoppe.
  2605 | D:4      | Noticed Edmund
  2621 | D:4      | Killed Edmund
  2655 | D:4      | Noticed Natasha
  2666 | D:4      | Killed Natasha
  2715 | D:4      | Found a large runed translucent door.
  2715 | D:4      | Found a large runed translucent door.
  2715 | D:4      | Noticed sobakacece's ghost (amateur SpEn)
  2763 | D:4      | Reached skill level 6 in Unarmed Combat
  2821 | D:4      | Noticed Natasha
  2827 | D:4      | Killed Natasha
  2828 | D:4      | Reached XP level 7. HP: 65/65 MP: 7/7
  2927 | D:4      | Noticed Natasha
  2957 | D:4      | Killed Natasha
  2993 | D:5      | Entered Level 5 of the Dungeon
  2999 | D:4      | Identified a scroll of acquirement
  2999 | D:4      | Acquired 648 gold pieces
  3295 | D:5      | Reached skill level 7 in Unarmed Combat
  3614 | D:5      | Reached skill level 8 in Unarmed Combat
  3823 | D:5      | Reached XP level 8. HP: 69/72 MP: 8/8
  4014 | D:6      | Noticed Eustachio
  4240 | D:5      | Killed Eustachio
  4241 | D:5      | Reached skill level 9 in Unarmed Combat
  4302 | D:6      | Found a transporter.
  4466 | D:6      | Found Qangirphihorr's Weapon Shop.
  4700 | D:6      | Reached skill level 10 in Unarmed Combat
  4831 | D:6      | Found a shimmering altar of Xom.
  4831 | D:6      | Found a stormy altar of Qazlal.
  4945 | D:6      | Became a worshipper of Qazlal Stormbringer
  4988 | D:6      | Noticed emme's ghost (amateur DsGl)
  4989 | D:6      | Found a transporter.
  4989 | D:6      | Identified the +8 great mace of Disembowelment {freeze, Fly
                  | rN+ Will++}
  5101 | D:7      | Noticed Maggie
  5467 | D:8      | Reached XP level 9. HP: 75/83 MP: 9/9
  5626 | D:7      | Noticed Pikel
  5741 | D:8      | Reached * piety under Qazlal
  5796 | D:8      | Noticed a two-headed ogre
  5812 | D:8      | Killed a two-headed ogre
  5813 | D:8      | Reached skill level 5 in Fighting
  5813 | D:8      | Reached skill level 5 in Throwing
  6207 | D:8      | Found Zilopa's Antique Armour Shop.
  6263 | D:7      | Noticed a two-headed ogre
  6267 | D:8      | Reached skill level 1 in Invocations
  6363 | D:8      | Reached XP level 10. HP: 98/98 MP: 10/10
  6488 | D:8      | Killed Pikel
  6533 | D:7      | Killed Maggie
  6646 | D:7      | Killed a two-headed ogre
  6815 | D:7      | Reached ** piety under Qazlal
  6826 | D:7      | Found a staircase to the Ecumenical Temple.
  6837 | Temple   | Entered the Ecumenical Temple
  7387 | D:9      | Noticed an elephant
  7403 | D:9      | Killed an elephant
  7511 | D:9      | Found a staircase to the Lair.
  7557 | D:9      | Found Nytucs's Magic Scroll Boutique.
  7579 | D:9      | Reached XP level 11. HP: 105/105 MP: 16/16
  7673 | D:9      | Reached *** piety under Qazlal
  7722 | D:9      | Noticed a skeletal warrior
  7740 | D:9      | Noticed a necromancer
  7740 | D:9      | Found a glowing golden altar of the Shining One.
  7740 | D:9      | Found a hide-covered altar of Uskayaw.
  7741 | D:9      | You fall into a shaft and drop 2 floors!
  7810 | D:10     | Entered Level 10 of the Dungeon
  8048 | D:10     | Reached skill level 11 in Unarmed Combat
  8237 | D:10     | Found a glowing silver altar of Zin.
  8936 | D:9      | Killed a necromancer
  9133 | D:11     | Reached skill level 12 in Unarmed Combat
  9137 | D:11     | Reached **** piety under Qazlal
  9520 | D:11     | Noticed a six-headed hydra
  9596 | Lair:1   | Entered Level 1 of the Lair of Beasts
  9747 | Lair:1   | Noticed a four-headed hydra
  9799 | Lair:1   | Killed a four-headed hydra
  9896 | Lair:1   | Reached skill level 13 in Unarmed Combat
  9948 | Lair:1   | Found a runed translucent door.
  9948 | Lair:1   | Noticed a spriggan rider
  9951 | Lair:1   | Noticed Magezon's ghost (journeyman OpHu)
  9954 | Lair:1   | Identified the +7 spear "Hueda" {drain, rF++ Dex-2 Stlth+}
 10067 | Lair:1   | Reached XP level 12. HP: 108/114 MP: 17/17
 11123 | Lair:2   | Noticed a boulder beetle
 11144 | Lair:2   | Reached ***** piety under Qazlal
 11156 | Lair:2   | Reached skill level 14 in Unarmed Combat
 11179 | Lair:2   | Killed a boulder beetle
 11403 | Lair:2   | Found a hole to the Spider Nest.
 11983 | Lair:3   | Noticed a five-headed hydra
 11991 | Lair:3   | Killed a five-headed hydra
 12044 | Lair:3   | Reached XP level 13. HP: 112/120 MP: 18/18
 12830 | Lair:3   | Reached skill level 10 in Throwing
 12840 | Lair:4   | Reached skill level 1 in Armour
 12890 | Lair:4   | Reached skill level 15 in Unarmed Combat
 12942 | Lair:4   | Found a staircase to the Swamp.
 12984 | Lair:4   | Found a runed translucent gate.
 12984 | Lair:4   | Noticed Quyjis's ghost (journeyman DDGl)
 12985 | Lair:4   | Found a runed translucent gate.
 12985 | Lair:4   | Found a runed translucent gate.
 13402 | Lair:4   | You fall into a shaft and drop 2 floors!
 13402 | Lair:6   | Entered Level 6 of the Lair of Beasts
 13423 | Lair:6   | Noticed a dire elephant
 13440 | Lair:5   | Found a staircase to the Slime Pits.
 13440 | Lair:5   | Found a viscous altar of Jiyva.
 13457 | Lair:5   | Reached skill level 5 in Armour
 14768 | Lair:4   | Got the Volume of Summoning and Sinister Secrets
 15063 | Lair:5   | Killed a dire elephant
 15418 | Lair:6   | Reached ****** piety under Qazlal
 15496 | Lair:6   | Reached XP level 14. HP: 117/137 MP: 19/19
 15759 | Lair:6   | Reached skill level 10 in Armour
 15866 | Lair:6   | Found the +4 moon troll leather armour {Spirit, Regen++
                  | MP+5}
 15980 | Lair:6   | Found the +4 dagger "Morg" {pain, Will+ Int+5}
 16237 | Lair:6   | Identified the +1 leather armour of Idutob {Harm rCorr
                  | Slay+6 Stlth-}
 17148 | D:3      | Bought a scroll of blinking for 135 gold pieces
 17148 | D:3      | Bought a potion of resistance for 180 gold pieces
 17203 | D:3      | Bought a ring of flight for 245 gold pieces
 17267 | D:4      | Killed sobakacece's ghost
 17330 | D:6      | Killed emme's ghost
 17468 | D:9      | Bought a scroll of blinking for 105 gold pieces
 18204 | D:11     | Found a staircase to the Orcish Mines.
 18356 | D:12     | Reached skill level 10 in Fighting
 18362 | D:12     | Noticed Jorgrun
 18432 | D:12     | Killed Jorgrun
 18750 | D:12     | Noticed Rupert
 18752 | D:12     | Paralysed by Rupert for 2 turns
 18765 | D:12     | Killed Rupert
 19008 | D:13     | Upgraded the game from 0.28-a0-124-g73ec313a74 to
                  | 0.28-a0-128-gcbb86046cc
 19156 | D:12     | Reached skill level 10 in Invocations
 19609 | D:13     | Noticed Azrael
 19617 | D:13     | Killed Azrael
 19641 | D:13     | Found a gate to the Vaults.
 19685 | D:13     | Found a large runed translucent door.
 19685 | D:13     | Found a large runed translucent door.
 19742 | D:13     | Reached XP level 15. HP: 149/149 MP: 21/21
 20025 | D:14     | You fall into a shaft and drop 1 floor!
 20025 | D:15     | Entered Level 15 of the Dungeon
 20137 | D:15     | Found a frozen archway.
 20159 | D:15     | Headbutted by a minotaur simulacrum

Illustrated notes

Levels and vault maps discovered:
D:1:      zaba_arrival_water, layout_basic, basic_ecumenical_altar
D:2:      layout_loops_ring, basic_altar
D:3:      layout_loops_cross, lemuel_round_altar, serial_shops, shop, shop,
          shop, nicolae_diamond_shop, grunt_ministairs_7,
          minmay_fractal_squares_5
D:4:      layout_gridville, ebering_ghost_disaster_area, serial_shops, shop,
          minmay_crossroads, uniq_natasha, uniq_edmund
D:5:      layout_basic
D:6:      layout_rooms, gammafunk_temple_overflow_elements,
          gammafunk_ghost_smash, serial_shops, kennysheep_mini, uniq_eustachio
D:7:      layout_rooms, minmay_temple_entry_statues_pillars, uniq_maggie,
          uniq_pikel
D:8:      layout_basic, serial_shops, nicolae_shop_trees, minmay_manual_mares
D:9:      hangedman_screamer, layout_basic, grunt_temple_overflow_open,
          david_lair_generic, serial_shops, shop
D:10:     layout_loops_corners, zin_academy
D:11:     layout_cave_pools, david_orc_1_choice, roderic_lattice_a
D:12:     layout_basic, uniq_rupert, uniq_jorgrun
D:13:     doesnt_quadruple_sword, layout_rooms, erik_vaults_1, uniq_azrael
D:14:     layout_basic, minmay_misc_feat_cross
D:15:     hangedman_depths_entry_civil_slaughter, layout_irregular_city,
          minmay_misc_feat_chi, portal_ice_cave_entry_ice_simulacra,
          kennysheep_slug_shrine
Temple:   eino_temple_scatter_basement
Lair:1:   layout_cave_pods, ebering_ghost_funeral_grove
Lair:2:   layout_misc_corridors, nicolae_spider_entry_non_spiders,
          nicolae_quartered_pool_super
Lair:3:   layout_gridlike, chequers_serial_rivers_large_a, serial_bayou_shore_a
Lair:4:   lemuel_slime, layout_gridlike, minmay_swamp_entry_reptiles,
          gammafunk_ghost_split, grunt_megastairs_5
Lair:5:   layout_hall_layers, slime_altar_1, serial_bayou_shore_b,
          serial_bayou_shore_b
Lair:6:   minmay_lair_end_enchanted_forest, layout_gridlike, grunt_megastairs_3

Skill      XL: |  1  2  3  4  5  6  7  8  9 10 11 12 13 14 |
---------------+-------------------------------------------+-----
Unarmed Combat | 1 2 3 4 5 6 8 10 13 14 15 | 15.6
Fighting       | 2 3 6 8 10 | 10.2
Throwing       | 1 2 3 6 9 10 | 10.0
Invocations    | 1 8 9 10 | 10.5
Armour         | 8 11 | 11.0
Dodging        | |  1.5
Stealth        | |  1.0
Spellcasting   | |  1.2
Transmutations | |  0.6
Poison Magic   | |  2.1

Action                   |  1- 3 |  4- 6 |  7- 9 | 10-12 | 13-15 || total
-------------------------+-------+-------+-------+-------+-------++-------
Melee: Unarmed           |   122 |   169 |   365 |   663 |   748 ||  2067
       Punch             |       |       |    13 |    33 |    74 ||   120
Throw: Stone             |    15 |       |       |       |       ||    15
       Dart              |       |     3 |     8 |    26 |    14 ||    51
       Boomerang         |       |     2 |     4 |    14 |     9 ||    29
       Large rock        |       |       |       |    10 |    17 ||    27
Invok: Upheaval          |       |       |       |       |     2 ||     2
Evoke: Wand              |       |       |     6 |     2 |     3 ||    11
  Use: Scroll            |     3 |     4 |    14 |     7 |     9 ||    37
       Potion            |       |     1 |       |       |     2 ||     3
 Stab: Sleeping          |     3 |       |     1 |       |       ||     4
       Paralysed         |       |       |     3 |       |       ||     3
       Distracted        |       |       |       |       |     1 ||     1
Armor: Robe              |    30 |    46 |   114 |   180 |    32 ||   402
       Swamp dragon scal |       |       |       |       |   105 ||   105
       Troll leather arm |       |       |       |       |    88 ||    88
Dodge: Dodged            |    50 |    80 |   173 |   249 |   184 ||   736
       Repelled          |       |       |       |     3 |     6 ||     9
Block: Other             |       |       |     1 |    98 |   182 ||   281

Table legend: (Time is in decaauts)
 A = Elapsed time spent in this place.
 B = Non-inter-level travel time spent in this place.
 C = Inter-level travel time spent in this place.
 D = Time resting spent in this place.
 E = Time spent auto-exploring this place.
 F = Levels seen in this place.
 G = Mean time per level.
                   A        B        C        D        E       F      G
               +--------+--------+--------+--------+--------+-----+--------+
         Total |  19936 |  17990 |   1946 |   1805 |   4449 |  22 |  906.2 |
       Dungeon |  12853 |  11358 |   1495 |   1206 |   1458 |  15 |  856.9 |
        Temple |    183 |    171 |     12 |      0 |    170 |   1 |  183.0 |
          Lair |   6899 |   6460 |    439 |    598 |   2821 |   6 | 1149.8 |
               +--------+--------+--------+--------+--------+-----+--------+

Top non-repeatable levels by time:
    D:10: 1626 daAuts
     D:8: 1408 daAuts
  Lair:6: 1316 daAuts
  Lair:5: 1279 daAuts
     D:5: 1265 daAuts
     D:9: 1209 daAuts
  Lair:1: 1171 daAuts
  Lair:3: 1160 daAuts
  Lair:4: 1138 daAuts
     D:4: 1042 daAuts
    D:11: 917 daAuts
     D:6: 895 daAuts
     D:3: 875 daAuts
    D:12: 849 daAuts
  Lair:2: 833 daAuts
